AoeStats
← The Polished Pole

Arena

510901764Analyzed
1v1 RM · 13h ago on Oct 3, 2026· 42m 42s· 2 players
Game mode
Random Map
Map size
Tiny (2 player)
Population
200
Speed
Normal
Resources
Standard
Victory
Conquest
Starting age
Dark Age
Ending age
Imperial Age
RankedLock teamsTeams togetherTeam positionsShared explorationLock speedFull tech treeHidden civsTurbo modeCheats
Victory
Defeat
🇺🇸 Poles · United States
476
+17
🇻🇪 Gurjaras · Venezuela
503
-17
The Polished Pole
0:34 Loom
3:11 Loom
4:02 Loom
10:40 Feudal Age
11:16 Double-Bit Axe
11:13 Horse Collar
13:15 Wheelbarrow
20:00 Castle Age
20:17 Bloodlines
22:01 Husbandry
21:27 Light Cavalry
23:36 Forging
23:33 Scale Barding Armor
24:38 Hand Cart
25:25 Szlachta Privileges
25:25 Murder Holes
25:45 Masonry
27:12 Ballistics
29:02 Chain Barding Armor
29:19 Iron Casting
30:40 Treadmill Crane
31:23 Redemption
31:29 Fervor
31:41 Sanctity
32:11 Scale Mail Armor
32:14 Arson
32:29 Squires
33:06 Thumb Ring
32:23 Crossbowman
33:24 Chain Mail Armor
33:03 Fletching
33:14 Padded Archer Armor
33:20 Heavy Plow
33:33 Bow Saw
33:14 Town Watch
35:00 Town Patrol
38:26 Imperial Age
36:48 Bodkin Arrow
37:10 Leather Archer Armor
40:13 Blast Furnace
39:44 Plate Mail Armor
39:17 Bracer
38:46 Cavalier
39:21 Arbalester
41:03 Hoardings
41:39 Crop Rotation
43:09 Chemistry
42:15 Siege Engineers
42:16 Elite Obuch
blaswichj
10:26 Feudal Age
11:11 Town Watch
11:20 Double-Bit Axe
15:48 Wheelbarrow
19:04 Castle Age
18:50 Bloodlines
19:39 Horse Collar
20:23 Loom
20:44 Husbandry
21:53 Light Cavalry
23:29 Forging
23:25 Scale Barding Armor
24:53 Town Patrol
26:30 Hand Cart
27:45 Stone Mining
27:46 Gold Mining
29:58 Ballistics
29:34 Fletching
29:44 Padded Archer Armor
30:12 Heavy Plow
30:25 Bow Saw
34:39 Imperial Age
34:33 Iron Casting
33:55 Bodkin Arrow
35:31 Thumb Ring
35:49 Leather Archer Armor
35:55 Chain Barding Armor
37:09 Elite Shrivamsha Rider
39:09 Crop Rotation
40:03 Conscription
40:23 Hoardings
40:51 Frontier Guards
41:20 Kshatriyas
Connection lost

Rejoining the realm…

Still unreachable

The connection could not be restored.

Session expired

The server has moved on; the page needs a fresh start.